cohdb
Replays
Latest Replays
All Replays
Popular Replays
Top Player Replays
Match Explorer
How It Works
Community
CoH3 Stats
Reddit
Sign in to upload your games and track your stats! →
Sign in with Steam
Match 41877872
Unlisted
Match 41877872
Overview
Messages
Build Orders
End
Construct Barracks
Selects Advanced Infantry Battlegroup
Riflemen Squad
Riflemen Squad
Riflemen Squad
M1 Mortar Team
Selects Convert to Ranger Squad
Convert to Ranger Squad
Ranger Squad
Air Support Center
Double Sortie
Selects Frontline Medical Station
Convert to Ranger Squad
Frontline Medical Station
Convert to Ranger Squad
Selects Ranger Weapon Training
Engineer Squad
Grasshopper Recon Run
P-47 Strafing Run
Selects Ammunition Storage
Grasshopper Recon Run
P-47 Strafing Run
Selects M2A1 105mm Howitzer Emplacement
P-47 Strafing Run
Construct Tank Depot
P-47 Strafing Run
Grasshopper Recon Run
Ranger Squad
P-47 Dive Bomb
Selects Free Fire Drills
M18 Hellcat Tank Destroyer
M18 Hellcat Tank Destroyer
P-47 Strafing Run
白象火鸡面真好吃
Jd577
RCG
EnemyTrooper
n8mahr
Mercury
magoking
Staufer
0
0
Comments
sign in to comment!
No comments posted yet!